 Dungeon Crawl Stone Soup version 0.19.5 (webtiles) character file.

5673 HeyBub the Spear-Bearer (level 10, -7/88 HPs)
             Began as a Minotaur Fighter on Apr 14, 2017.
             Was a High Priest of Okawaru.
             Killed from afar by a hell hound (19 damage)
             ... with a blast of flame
             ... on level 9 of the Dungeon.
             The game lasted 00:09:37 (7362 turns).

HeyBub the Spear-Bearer (Minotaur Fighter)          Turns: 7362, Time: 00:09:37

Health: -7/88      AC:  9    Str: 28    XL:     10   Next: 47%
Magic:  7/9        EV: 20    Int:  5    God:    Okawaru [*****.]
Gold:   367        SH: 17    Dex: 14    Spells: 0 memorised, 9 levels left

rFire  . . .     SeeInvis .     a - +3 trident
rCold  . . .     Gourm    .     b - +0 scale mail
rNeg   . . .     Faith    .     c - +3 shield
rPois  .         Spirit   .     (helmet restricted)
rElec  .         Reflect  .     (no cloak)
rCorr  .         Harm     .     (no gloves)
MR     .....                    (no boots)
Stlth  ++........               (no amulet)
                                j - +3 ring of dexterity
                                e - +4 ring of evasion

@: mighty, heroism
A: retaliatory headbutt, horns 2
a: Heroism, Finesse, Renounce Religion


You were on level 9 of the Dungeon.
You worshipped Okawaru.
Okawaru was extremely pleased with you.
You were not hungry.

You visited 1 branch of the dungeon, and saw 9 of its levels.

You collected 367 gold pieces.

Inventory:

Hand Weapons
 a - a +3 trident (weapon)
Armour
 b - a +0 scale mail (worn)
 c - a +3 shield (worn)
 h - a +0 large shield
 F - the +1 robe "Taullos" {Int+3}
   (You found it on level 7 of the Dungeon)

   It affects your intelligence (+3).
Jewellery
 e - a +4 ring of evasion (left hand)
 g - a +3 ring of slaying {unknown}
 j - a +3 ring of dexterity (right hand)
 s - an uncursed ring of magical power
 y - an uncursed ring of poison resistance {unknown}
 D - a +1 ring of evasion
 J - an uncursed ring of protection from fire {unknown}
Wands
 C - a wand of acid (9/15)
Scrolls
 k - 2 scrolls of amnesia
 q - 5 scrolls of remove curse
 G - 2 scrolls of identify
Potions
 d - 2 potions of might
 m - 2 potions of degeneration {unknown}
 o - a potion of cancellation {unknown}
 r - a potion of magic {unknown}
 u - 2 potions of mutation {unknown}
 v - 2 potions of lignification {unknown}
 A - a potion of invisibility {unknown}
 B - 2 potions of brilliance {unknown}
 H - 2 potions of flight {unknown}
 I - a potion of haste {unknown}
Books
 i - a book of Necromancy

   Spells                             Type                      Level
   a - Pain                           Necromancy                   1
   b - Animate Skeleton               Necromancy                   1
   c - Vampiric Draining              Necromancy                   3
   d - Regeneration                   Charms/Necromancy            3
   e - Animate Dead                   Necromancy                   4
   f - Control Undead                 Necromancy                   4
 x - a book of Frost

   Spells                             Type                      Level
   a - Freeze                         Ice                          1
   b - Throw Frost                    Conjuration/Ice              2
   c - Ozocubu's Armour               Charms/Ice                   3
   d - Throw Icicle                   Conjuration/Ice              4
   e - Summon Ice Beast               Ice/Summoning                4
Comestibles
 f - 3 bread rations
 l - 9 fruits
 n - 2 beef jerkies
 p - 4 meat rations
 w - 8 royal jellies
 E - 2 slices of pizza


   Skills:
 + Level 8.3(13.3) Fighting
 + Level 11.6(16.6) Polearms
 + Level 8.5(13.5) Armour
 + Level 4.9(9.9) Dodging
 + Level 1.0(6.0) Stealth
 + Level 9.2(14.2) Shields


You had 9 spell levels left.
You didn't know any spells.

Dungeon Overview and Level Annotations

Branches:
Dungeon (9/15)             Temple (0/1) D:5            Lair (0/6) D:9
    Orc: D:9-12

Altars:
Elyvilon
Kikubaaqudgha
Okawaru
Qazlal
Trog
Yredelemnul
Zin

Shops:
D:5 }

Annotations:
D:6 1 runed door


Innate Abilities, Weirdness & Mutations

You reflexively headbutt those who attack you in melee.
You have a pair of horns on your head.


Message History

You feel very mighty all of a sudden. You block the hell hound's attack.
The hell hound breathes flames at you. The blast of flame hits you!
* * * LOW HITPOINT WARNING * * *
The hell hound barely misses you.
You gain the combat prowess of a mighty hero.
You block the hell hound's attack. x2
You closely miss the hell hound.
The hell hound is moderately wounded.
You block the hell hound's attack. The hell hound misses you.
You closely miss the hell hound.
The hell hound is moderately wounded.
The hell hound closely misses you. You block the hell hound's attack.
You fail to use your ability.
You block the hell hound's attack. The hell hound misses you.
You furiously retaliate!
You headbutt the hell hound! The hell hound breathes flames at you.
The blast of flame hits you!
You die...

,,,,,,,,,,,,* *,,*,≈≈≈,,_,,≈≈≈..
,,,,,,,,,,,,* #..#*≈≈≈,,,,≈≈≈≈§.
,,,,,,,,,,,,* #..#*≈≈≈≈,,≈≈≈≈,≈.
,,,.........# #..#*,≈≈≈≈≈≈≈≈,≈≈.
,...........# #..#*,≈≈≈≈≈≈≈,,,≈.
............# #..#*,,≈,≈§≈...,..
............# #..#*,,≈,.§....*#.
............# #..#*,,,§≈§....##.
............# #@.#**,.....(.....
............####hh###............
.................................
......).((((.(...................
............(.....###............
.........%..####..# *,>.,.##.....
............# #..# *,,.,,*#.....
............# #..# *,,,,,*#.....
...[........# #..# *,,,,,*#.....


You could see 2 hell hounds.

Vanquished Creatures
  Erica (D:9)
  A queen bee (D:9)
  2 hippogriffs
  A wyvern (D:8)
  3 yaks (D:9)
  2 soldier ants (D:6)
  A water moccasin (D:6)
  An ice beast (D:5)
  2 sky beasts
  3 orc warriors
  A black bear (D:9)
  3 ogres
  3 centaurs
  4 bullfrogs
  2 scorpions
  13 killer bees (D:9)
  3 wights (D:7)
  4 howler monkeys
  A centaur zombie (D:5)
  A crimson imp (D:9)
  A bullfrog zombie (D:7)
  3 orc priests (D:7)
  Crazy Yiuf (D:7)
  2 bullfrog skeletons
  2 hounds
  A jelly (D:8)
  3 orc wizards
  Jessica (D:3)
  2 iguanas (D:6)
  14 worker ants
  2 worker ant zombies (D:5)
  Robin (D:3)
  5 gnolls
  10 adders
  4 shadow imps
  2 oozes
  An adder skeleton (D:5)
  3 worms
  3 dart slugs
  4 leopard geckos
  33 orcs
  4 giant cockroaches
  17 goblins
  11 hobgoblins
  11 jackals
  3 quokkas
  A ball python (D:4)
  7 bats
  5 frilled lizards
  2 kobolds
  A quokka skeleton (D:4)
  A quokka zombie (D:6)
  6 rats
  A butterfly (D:6)
220 creatures vanquished.

Vanquished Creatures (others)
  A wizard (D:3)
1 creature vanquished.

Grand Total: 221 creatures vanquished

Notes
Turn   | Place    | Note
-------+----------+-------------------------------------------
     0 | D:1      | HeyBub the Minotaur Fighter began the quest for the Orb.
     0 | D:1      | Reached XP level 1. HP: 19/19 MP: 0/0
    61 | D:1      | Reached XP level 2. HP: 21/27 MP: 1/1
   423 | D:1      | Reached XP level 3. HP: 33/33 MP: 2/2
   501 | D:2      | Reached skill level 3 in Polearms
   517 | D:2      | Reached XP level 4. HP: 9/40 MP: 3/3
   631 | D:2      | Found an iron altar of Okawaru.
   884 | D:2      | Became a worshipper of Warmaster Okawaru
   894 | D:2      | Found a faded altar of an unknown god.
   935 | D:2      | Reached skill level 4 in Polearms
  1369 | D:3      | Noticed Robin
  1377 | D:3      | Killed Robin
  1377 | D:3      | Reached XP level 5. HP: 42/47 MP: 4/4
  1427 | D:3      | Noticed Jessica
  1429 | D:3      | Killed Jessica
  1469 | D:3      | Reached skill level 1 in Dodging
  2078 | D:3      | Found a bloodstained altar of Trog.
  2095 | D:3      | Noticed a wizard
  2097 | D:3      | Killed a wizard
  2544 | D:4      | Reached skill level 5 in Fighting
  2895 | D:4      | Reached skill level 5 in Polearms
  3011 | D:5      | Entered Level 5 of the Dungeon
  3033 | D:5      | Reached XP level 6. HP: 55/56 MP: 5/5
  3287 | D:5      | Reached skill level 5 in Armour
  3304 | D:5      | Noticed an ice beast
  3309 | D:5      | Killed an ice beast
  3309 | D:5      | Reached * piety under Okawaru
  3474 | D:5      | Found a stormy altar of Qazlal.
  3493 | D:5      | Found a staircase to the Ecumenical Temple.
  3571 | D:5      | Found Ufath's Gadget Emporium.
  3572 | D:5      | Noticed a sky beast
  3586 | D:5      | Killed a sky beast
  3586 | D:5      | Reached skill level 6 in Polearms
  3586 | D:5      | Reached skill level 5 in Shields
  3586 | D:5      | Reached XP level 7. HP: 43/61 MP: 6/6
  3859 | D:6      | Found a basalt altar of Yredelemnul.
  4037 | D:6      | Found an ancient bone altar of Kikubaaqudgha.
  4285 | D:6      | Reached ** piety under Okawaru
  4289 | D:6      | Found a runed door.
  4337 | D:6      | Found a runed door.
  4363 | D:6      | Reached skill level 7 in Polearms
  4617 | D:6      | Reached XP level 8. HP: 60/70 MP: 7/7
  4966 | D:7      | Reached skill level 8 in Polearms
  5015 | D:7      | Reached *** piety under Okawaru
  5025 | D:7      | Got a fabulously ornate robe
  5026 | D:7      | Identified the +1 robe "Taullos" {Int+3} (You found it on level 7 of the Dungeon)
  5306 | D:7      | Reached XP level 9. HP: 75/79 MP: 8/8
  5395 | D:7      | Reached skill level 9 in Polearms
  5748 | D:7      | Found a runed door.
  6151 | D:7      | Noticed Crazy Yiuf
  6153 | D:7      | Killed Crazy Yiuf
  6211 | D:8      | Reached **** piety under Okawaru
  6314 | D:8      | Reached skill level 10 in Polearms
  6530 | D:8      | Found a glowing silver altar of Zin.
  6656 | D:9      | Noticed a queen bee
  6680 | D:9      | Reached ***** piety under Okawaru
  6680 | D:9      | Reached skill level 1 in Stealth
  6693 | D:9      | Killed a queen bee
  6693 | D:9      | Reached XP level 10. HP: 51/88 MP: 9/9
  6711 | D:9      | Reached skill level 11 in Polearms
  7137 | D:9      | Noticed Erica
  7146 | D:9      | Killed Erica
  7273 | D:9      | Found a white marble altar of Elyvilon.
  7343 | D:9      | Found a staircase to the Lair.
  7362 | D:9      | Killed from afar by a hell hound

Skill      XL: |  1  2  3  4  5  6  7  8  9 10 |
---------------+-------------------------------+-----
Armour         | 4 5 7 8 |  8.5
Shields        | 4 5 7 8 9 |  9.2
Polearms       | 3 4 5 6 7 8 10 11 | 11.6
Fighting       | 4 5 6 7 8 |  8.3
Dodging        | 1 2 3 4 |  4.9
Stealth        | 1 |  1.0

Action                   |  1- 3 |  4- 6 |  7- 9 | 10-12 || total
-------------------------+-------+-------+-------+-------++-------
Melee: Trident           |    77 |   216 |   335 |   100 ||   728
       Headbutt          |     4 |    31 |    69 |     9 ||   113
Invok: Heroism           |       |       |     1 |     1 ||     2
  Use: Scroll            |       |     9 |     5 |       ||    14
       Potion            |       |       |       |     1 ||     1
  Eat: Bread ration      |       |     2 |     2 |     1 ||     5
       Chunk             |       |     1 |       |       ||     1
Armor: Scale mail        |    23 |    56 |    45 |     8 ||   132
Dodge: Dodged            |    12 |    51 |    95 |    39 ||   197
Block: Shield            |    19 |    87 |   158 |    67 ||   331
